 Dungeon Crawl Stone Soup version 0.31-a0-4-gefa6de2278 (webtiles) character file.

Game seed: 5655949221575927637

522 mopl the Chopper (level 7, 0/51 HPs)
             Began as a Formicid Warper on May 4, 2023.
             Slain by Menkaure (13 damage)
             ... on level 4 of the Dungeon.
             The game lasted 00:05:31 (4451 turns).

mopl the Chopper (Formicid Warper)                  Turns: 4451, Time: 00:05:32

Health: 0/51       AC:  7    Str: 13 (16) XL:     7   Next: 46%
Magic:  10/10      EV: 10    Int: 13 (14) God:
Gold:   240        SH:  0    Dex: 10 (13) Spells: 1/10 levels left

rFire   . . .        a - +0 hand axe
rCold   . . .        (no shield)
rNeg    . . .        e - +0 ring mail
rPois   .            (helmet unavailable)
rElec   .            h - +0 cloak
rCorr   .            r - +0 pair of gloves
SInv    +            (no boots)
Will    .....        B - amulet of regeneration Stlth
                     (no ring)
HPRegen 1.08/turn    (no ring)
MPRegen 0.12/turn

%: no passive effects
@: attractive
A: permanent stasis, dig shafts and tunnels, antennae 3, four strong arms
a: Dig, Shaft Self


You were on level 4 of the Dungeon.
You visited 1 branch of the dungeon, and saw 4 of its levels.
You also visited: Sewer.

You collected 240 gold pieces.

Inventory:

Hand Weapons
 a - a +0 hand axe (weapon)
Missiles
 d - 7 boomerangs of dispersal
 g - 5 boomerangs (quivered)
 k - 5 javelins
 x - 6 poisoned darts
 E - a curare-tipped dart
Armour
 e - a +0 ring mail (worn)
 h - a +0 cloak (worn)
 r - a +0 pair of gloves (worn)
 A - a +0 scale mail
Jewellery
 j - an amulet of reflection
 B - an amulet of regeneration (around neck)
Scrolls
 b - a scroll of torment {unknown}
 c - a scroll of blinking
 l - a scroll of acquirement {unknown}
 o - a scroll of poison {unknown}
 p - 2 scrolls of fear {unknown}
 q - 2 scrolls of identify {unknown}
 s - 4 scrolls of teleportation {unknown}
 t - a scroll of magic mapping {unknown}
 y - 2 scrolls of fog {unknown}
 C - a scroll of enchant weapon {unknown}
 F - a scroll of brand weapon {unknown}
 G - a scroll of summoning {unknown}
Potions
 f - a potion of curing
 i - 2 potions of degeneration
 m - a potion of attraction
 n - a potion of ambrosia {unknown}
 u - a potion of lignification {unknown}
 v - a potion of cancellation {unknown}
 w - a potion of might {unknown}
 z - a potion of flight {unknown}
 D - a potion of magic {unknown}


   Skills:
 + Level 2.9 Fighting
 * Level 6.9 Axes
 - Level 1.0 Throwing
 + Level 2.2 Armour
 + Level 2.4 Dodging
 - Level 2.1 Spellcasting
 - Level 2.6 Translocations


You had one spell level left.
You knew the following spells:

 Your Spells              Type           Power      Damage    Failure   Level
a - Manifold Assault      Tloc           8%         N/A       87%         4
b - Lesser Beckoning      Tloc           16%        N/A       26%         2
c - Teleport Other        Tloc           8%         N/A       47%         3

Your spell library contained the following spells:

 Spells                   Type           Power      Damage    Failure   Level
 Inner Flame              Hex/Fire       1%         N/A       85%         3
 Ozocubu's Armour         Ice            1%         N/A       85%         3
 Stone Arrow              Conj/Erth      2%         3d7       85%         3
 Animate Armour           Summ/Erth      2%         N/A       99%         4
 Flame Wave               Conj/Fire      1%         2d4       99%         4
 Sticky Flame             Conj/Fire      1%         2d3       99%         4
 Ozocubu's Refrigeration  Ice            0%         4d7       100%        7
 Lehudib's Crystal Spear  Conj/Erth      0%         10d2      100%        8
 Blink                    Tloc           Unusable   N/A       N/A         2
 Vhi's Electric Charge    Tloc/Air       Unusable   N/A       N/A         3

Dungeon Overview and Level Annotations

Branches:
Dungeon (4/15)              Sewer (visited)
 Temple: D:4-7

Altars:
Kikubaaqudgha
Vehumet

Shops:
D:1 =

Annotations:
D:4 Menkaure; Notanamesir's ghost, amateur HuHW


Innate Abilities, Weirdness & Mutations

You cannot be hasted, slowed, berserked, paralysed or teleported.
You can dig through walls and to a lower floor.
You have a pair of large antennae on your head. (SInv)
Your four strong arms can wield two-handed weapons with a shield.


Message History

Menkaure shouts!
Menkaure is nearby!
You start waiting.
You sense a monster nearby.
Menkaure gestures wildly while chanting.
Menkaure seems to speed up.
Menkaure calls on the powers of darkness!
Your body is wracked with pain!
Menkaure hits you but does no damage.
You hit Menkaure.
Menkaure is lightly damaged.
Menkaure hits you!
You hit Menkaure.
Menkaure is moderately damaged.
Menkaure closely misses you.
You hit Menkaure but do no damage.
Menkaure is moderately damaged.
Menkaure barely misses you.
You hit Menkaure.
Menkaure is moderately damaged.
Menkaure calls on the powers of darkness!
Your body is wracked with pain!
* * * LOW HITPOINT WARNING * * *
Menkaure hits you!
* * * LOW HITPOINT WARNING * * *
Okay, then.
Okay, then.
It was a potion of degeneration.
There was something very wrong with that liquid.
You feel weakened.
You feel dopey.
You feel clumsy. Menkaure hits you but does no damage.
It was a potion of curing.
You feel better. Menkaure closely misses you.
It was a potion of attraction.
You feel attractive to monsters. Menkaure hits you.
* * * LOW HITPOINT WARNING * * *
You barely miss Menkaure.
Menkaure is moderately damaged.
Menkaure hits you!
You die...

.# #....#### .#
#........ ..##########
#........ ..##.......#
#........ ..##.......#
#........ ..##.......#
#........
..##.......#####........
+# #...........M........
.###............@###....
...'.........).....+ ...
.###.............### .
.# #.............# .#
##............# .#
#............# ..
#............# ..
'..........### ...
#......##...


You could see Menkaure (fast).

Vanquished Creatures
  A kobold brigand (Sewer)
  A vampire bat (D:3)
  2 orc priests
  Natasha (twice) (D:3)
  An iguana (D:3)
  2 orc wizards
  8 adders
  6 river rats (Sewer)
  3 worms (D:2)
  2 dart slugs
  6 orcs
  A bat skeleton (D:3)
  5 bat zombies (D:3)
  3 endoplasms
  2 giant cockroaches
  8 goblins
  5 hobgoblins
  3 jackals
  3 quokkas
  12 ball pythons
  6 bats
  6 frilled lizards (Sewer)
  8 kobolds
  7 rats
103 creatures vanquished.

Vanquished Creatures (others)
  25 plants (Sewer)
25 creatures vanquished.

Grand Total: 128 creatures vanquished

Notes
Turn   | Place    | Note
-------+----------+-------------------------------------------
     0 | D:1      | mopl the Formicid Warper began the quest for the Orb.
     0 | D:1      | Reached XP level 1. HP: 16/16 MP: 3/3
   211 | D:1      | Reached XP level 2. HP: 22/22 MP: 5/5
   213 | D:1      | Found Tonorrie's Jewellery Boutique.
   976 | D:2      | Reached skill level 3 in Axes
  1034 | D:2      | Reached XP level 3. HP: 27/27 MP: 6/6
  1037 | D:2      | Learned a level 2 spell: Lesser Beckoning
  1041 | D:2      | Learned a level 3 spell: Teleport Other
  1228 | D:2      | Reached skill level 4 in Axes
  1228 | D:2      | Reached XP level 4. HP: 33/33 MP: 7/7
  1946 | D:2      | Reached XP level 5. HP: 21/38 MP: 8/8
  2032 | D:2      | Found a faded altar of an unknown god.
  2378 | D:3      | Noticed Natasha
  2384 | D:3      | Killed Natasha
  2385 | D:3      | Reached skill level 5 in Axes
  2472 | D:3      | Found an ancient bone altar of Kikubaaqudgha.
  2718 | D:3      | Found a radiant altar of Vehumet.
  2800 | D:3      | Reached XP level 6. HP: 9/44 MP: 9/9
  3032 | D:3      | Noticed Natasha
  3042 | D:3      | Killed Natasha
  3043 | D:3      | Reached skill level 6 in Axes
  3132 | D:3      | Learned a level 4 spell: Manifold Assault
  3613 | D:4      | Noticed Notanamesir's ghost (amateur HuHW)
  3685 | D:4      | Reached skill level 2 in Dodging
  3703 | D:4      | Found a glowing drain.
  3717 | Sewer    | Entered a sewer
  3740 | Sewer    | Reached XP level 7. HP: 14/51 MP: 10/10
  3986 | Sewer    | Reached skill level 2 in Armour
  4431 | D:4      | Noticed Menkaure
  4451 | D:4      | Slain by Menkaure

Illustrated notes

Levels and vault maps discovered:
D:1:      dpeg_arrival_arbitrary_c, layout_basic, serial_shops,
          nicolae_shop_stone, hangedman_decor_riveting
D:2:      minmay_razor_zed, layout_basic, chequers_ecumenical_altar_lobes
D:3:      layout_loops_corners, kennysheep_vampire_church,
          mainiacjoe_overflow_paths, uniq_natasha
D:4:      layout_basic, hellmonk_ghost_happy_afterlife,
          cheibrodos_sewer_entry_drain, uniq_menkaure

Skill      XL: |  1  2  3  4  5  6  7 |
---------------+----------------------+-----
Axes           | 3 4 5 6 |  6.9
Dodging        | 2 |  2.4
Armour         | 2 |  2.2
Fighting       | |  2.9
Throwing       | |  1.0
Spellcasting   | |  2.1
Translocations | |  2.6

Action                     |  1- 3 |  4- 6 |  7- 9 || total
---------------------------+-------+-------+-------++-------
  Melee: Hand axe          |   111 |   219 |   159 ||   489
         Punch             |     1 |       |     1 ||     2
    Use: Potion            |       |       |     3 ||     3
 Armour: Ring mail         |    42 |    80 |    42 ||   164
  Dodge: Dodged            |    62 |   129 |    66 ||   257
  Block: Other             |    16 |    26 |       ||    42
         Reflection        |       |     1 |       ||     1

Table legend: (Time is in decaauts)
 A = Elapsed time spent in this place.
 B = Non-inter-level travel time spent in this place.
 C = Inter-level travel time spent in this place.
 D = Time resting spent in this place.
 E = Time spent auto-exploring this place.
 F = Levels seen in this place.
 G = Mean time per level.
                   A        B        C        D        E       F      G
               +--------+--------+--------+--------+--------+-----+--------+
         Total |   4613 |   4272 |    341 |    311 |   2845 |   5 |  922.6 |
       Dungeon |   3797 |   3456 |    341 |    311 |   2361 |   4 |  949.2 |
         Sewer |    815 |    815 |      0 |      0 |    483 |   1 |  815.0 |
               +--------+--------+--------+--------+--------+-----+--------+

Top non-repeatable levels by time:
     D:2: 1545 daAuts
     D:3: 1264 daAuts
   Sewer: 815 daAuts
     D:1: 795 daAuts
     D:4: 191 daAuts
